 Dungeon Crawl Stone Soup version 0.31.0-9-g3a7656b989 (webtiles) character file.

Game seed: 250638295210753644

173 qw the Ducker (level 5, 0/28 (29) HPs)
             Began as a Spriggan Hunter on Feb 3, 2024.
             Slain by a wight
             ... wielding a +4 dagger of freezing
              (1 damage)
             ... on level 7 of the Dungeon.
             The game lasted 00:00:47 (2683 turns).

qw the Ducker (Spriggan Hunter)                     Turns: 2683, Time: 00:00:47

HP:   0/28 (29)     AC:  2    Str:  7    XL:     5   Next: 28%
MP:   6/6           EV: 21    Int: 10    God:
Gold: 137           SH:  0    Dex: 21    Spells: 4/4 levels left

rFire   + . .        a - +0 shortbow
rCold   . . .        (shield currently unavailable)
rNeg    . . .        c - +0 robe
rPois   .            (helmet restricted)
rElec   .            (no cloak)
rCorr   .            (gloves unavailable)
SInv    +            (boots unavailable)
Will    .....        (no amulet)
Stlth   ++           k - ring of protection from fire
HPRegen 0.24/turn    (no ring)
MPRegen 0.10/turn

%: clarity
@: lightly drained, very quick
A: very small, no large weapons, unfitting armour, see invisible, speed 3,
clarity, robust 1
a: no special abilities


You were on level 7 of the Dungeon.
You visited 1 branch of the dungeon, and saw 7 of its levels.

You collected 137 gold pieces.


Innate Abilities, Weirdness & Mutations

You are very small and have problems with some larger weapons.
You are too small for most types of armour.
You have supernaturally acute eyesight. (SInv)
You cover ground extremely quickly. (Speed+++)
You possess an exceptional clarity of mind.
You are robust. (+10% HP)


   Skills:
 - Level 2.4 Fighting
 + Level 5.0 Ranged Weapons
 - Level 5.4 Dodging
 - Level 1.5 Stealth


You had 4 spell levels left.
You didn't know any spells.
Your spell library was empty.

Inventory:

Hand Weapons
 a - a +0 shortbow (weapon)
Armour
 c - a +0 robe (worn)
Jewellery
 k - a ring of protection from fire (left hand)
Wands
 d - a wand of roots (6)
Scrolls
 b - a scroll of enchant armour
Potions
 f - a potion of resistance
 j - a potion of mutation

Dungeon Overview and Level Annotations

Branches:
Dungeon (8/15)
 Temple: D:4-7         Lair: D:8-11

Altars:
Kikubaaqudgha
Nemelex Xobeh
Trog
Xom
The Shining One

Annotations:
D:2 1 runed translucent door, Crazy Yiuf


Message History

The arrow hits the wight but does no damage.
2671 ||| RETREEEEATING.
A wight comes into view. It is wielding a +2 spear.
2672 ||| RETREEEEATING.
You shoot an arrow. The arrow hits the wight!
The wight is heavily damaged.
2674 ||| RETREEEEATING.
You shoot an arrow. The arrow hits the wight.
The wight is severely damaged.
The wight hits you with a +1 dagger.
You feel drained.
You shoot an arrow. The arrow barely misses the wight.
The wight hits you with a +1 dagger!
You feel drained.
You shoot an arrow. The arrow barely misses the wight.
2678 ||| RETREEEEATING.
The wight attacks as it pursues you! The wight hits you with a +1 dagger.
You feel drained.
2679 ||| DRINKING potion of heal wounds.
You feel much better. The wight hits you with a +1 dagger.
You shoot an arrow.
The arrow hits the wight but does no damage.
The wight is severely damaged.
The wight barely misses you.
You shoot an arrow. The arrow hits the wight.
The wight is almost destroyed.
The wight hits you with a +1 dagger.
You feel drained.
The wight hits you from afar with a +2 spear.
You shoot an arrow. The arrow hits the wight.
You destroy the wight!
The wight barely misses you.
A wight comes into view. It is wielding a +0 long sword.
The wight misses you. x2
Your life force feels restored.
Your Fighting skill increases to level 2!
You have reached level 5!
You feel agile.
You shoot an arrow. The arrow hits the wight!
The wight is severely damaged.
The wight hits you with a +4 dagger of freezing!
You feel drained. The wight freezes you.
You die...

#.# # #.####.#
#
###....#.##..
............
#.#........
#..........
#.z..z.....
#z#..z.....
#@#........
#....z........
########.##...
(. .. .## z .#


You could see 3 wights.

Vanquished Creatures
  A wight (D:7)
  An orc wizard (D:7)
  2 adders
  2 dart slugs
  A ribbon worm (D:4)
  4 orcs
  7 bats
  3 endoplasms
  7 giant cockroaches
  7 goblins
  3 hobgoblins
  3 jackals (D:3)
  3 quokkas
  6 ball pythons
  A frilled lizard (D:3)
  8 kobolds
  6 rats
65 creatures vanquished.

Notes
Turn   | Place    | Note
-------+----------+-------------------------------------------
     0 | D:1      | qw the Spriggan Hunter began the quest for the Orb.
     0 | D:1      | Reached XP level 1. HP: 10/10 MP: 2/2
     0 | D:1      | 0 ||| qw: Version: 0.3-a-155-g5e7d8dd
     0 | D:1      | 0 ||| qw: Game counter: 2990
     0 | D:1      | 0 ||| qw: Melee chars always use a shield: true
     0 | D:1      | 0 ||| qw: God list: Okawaru
     0 | D:1      | 0 ||| qw: Allow faded altars: false
     0 | D:1      | 0 ||| qw: Do Orc after clearing Dungeon:15 true
     0 | D:1      | 0 ||| qw: Do second Lair branch before Depths: true
     0 | D:1      | 0 ||| qw: Lair rune preference: random
     0 | D:1      | 0 ||| qw: Goals: Normal
     0 | D:1      | 0 ||| PLANNING D:1-11
    37 | D:1      | Reached skill level 3 in Dodging
   134 | D:1      | Reached XP level 2. HP: 14/14 MP: 3/3
   680 | D:1      | 680 ||| READING 2 scrolls labelled MYGGAWU CACEAR.
   680 | D:1      | 680 ||| IDENTIFYING viscous coppery potion
   681 | D:1      | 681 ||| READING scroll of identify.
   681 | D:1      | 681 ||| IDENTIFYING scroll labelled DICLIU VABIC
   682 | D:1      | 682 ||| READING scroll labelled HEITOG BOCE.
   683 | D:1      | 683 ||| READING scroll labelled JITUTU WIRU.
   683 | D:1      | 683 ||| ENCHANTING +0 shortbow.
   684 | D:1      | 684 ||| DROPPING scroll of butterflies.
   809 | D:2      | Reached XP level 3. HP: 16/18 MP: 4/4
   818 | D:2      | Identified the +1 buckler of Becsi {rPois Regen+}
  1361 | D:2      | Found a runed translucent door.
  1362 | D:2      | Noticed Crazy Yiuf
  1365 | D:2      | 1365 ||| READING 4 scrolls of identify.
  1365 | D:2      | 1365 ||| IDENTIFYING smoky emerald potion
  1366 | D:2      | 1366 ||| READING 3 scrolls of identify.
  1366 | D:2      | 1366 ||| IDENTIFYING 2 metallic silvery potions
  1367 | D:2      | 1367 ||| DROPPING potion of lignification.
  1438 | D:3      | Found a shimmering altar of Xom.
  1468 | D:3      | Found an ancient bone altar of Kikubaaqudgha.
  1622 | D:3      | Found a sparkling altar of Nemelex Xobeh.
  1637 | D:3      | Found a faded altar of an unknown god.
  1702 | D:3      | Reached XP level 4. HP: 22/22 MP: 5/5
  1865 | D:3      | Found a bloodstained altar of Trog.
  1942 | D:3      | 1942 ||| UPGRADING to ring of protection from fire.
  1943 | D:3      | 1943 ||| READING 2 scrolls of identify.
  1943 | D:3      | 1943 ||| IDENTIFYING coppery potion
  1944 | D:3      | 1944 ||| READING scroll of identify.
  1944 | D:3      | 1944 ||| IDENTIFYING scroll labelled VUORPHA PUYQI
  1945 | D:3      | 1945 ||| READING scroll labelled MUKISI WOYGG.
  1946 | D:3      | 1946 ||| DROPPING potion of ambrosia.
  1947 | D:3      | 1947 ||| DROPPING scroll of torment.
  2576 | D:4      | 2576 ||| READING scroll of identify.
  2576 | D:4      | 2576 ||| IDENTIFYING 2 bubbling green potions
  2577 | D:4      | 2577 ||| READING scroll labelled DEN ZU XEO.
  2578 | D:4      | 2578 ||| DRINKING 2 grey potions.
  2578 | D:4      | Gained mutation: You are robust. (+10% HP) [potion of
                  | mutation]
  2578 | D:4      | Gained mutation: You possess an exceptional clarity of
                  | mind. [potion of mutation]
  2583 | D:4      | 2583 ||| DROPPING 2 potions of invisibility.
  2592 | D:5      | Entered Level 5 of the Dungeon
  2616 | D:5      | Found a glowing golden altar of the Shining One.
  2625 | D:5      | You fall into a shaft and drop 3 floors!
  2648 | D:7      | Noticed a steam dragon
  2661 | D:7      | HP: 5/24 [steam dragon (4)]
  2662 | D:7      | 2662 ||| READING scroll of teleportation.
  2663 | D:7      | 2663 ||| DRINKING 2 potions of heal wounds.
  2671 | D:7      | 2671 ||| RETREEEEATING.
  2672 | D:7      | 2672 ||| RETREEEEATING.
  2674 | D:7      | 2674 ||| RETREEEEATING.
  2678 | D:7      | 2678 ||| RETREEEEATING.
  2678 | D:7      | HP: 3/21 [wight/+1 dagger (3)]
  2679 | D:7      | 2679 ||| DRINKING potion of heal wounds.
  2683 | D:7      | Reached XP level 5. HP: 14/29 MP: 6/6
  2683 | D:7      | HP: 2/29 [wight/+4 dagger of freezing (12)]
  2683 | D:7      | Slain by a wight

Levels and vault maps discovered:
D:1:      dpeg_arrival_round_b, layout_loops_ring
D:2:      layout_loops_ring, dreamdust_princess_corridor,
          uniq_crazy_yiuf_cottage
D:3:      layout_rooms, marbit_many_paths, grunt_temple_overflow_open,
          nemelex_diamond_rough_becter, basic_ecumenical_altar,
          minmay_door_square, minmay_misc_feat_roman
D:4:      layout_basic
D:5:      layout_loops_cross, tso_metal_star, lemuel_coloured_pillars_altar,
          nicolae_tricolors
D:7:      layout_loops_cross, minmay_temple_entry_waves
D:8:      layout_gridville, mainiacjoe_overflow_small_starburst,
          nicolae_ru_path_of_blood, serial_glass, glass_columns_b,
          glass_columns_c, kennysheep_generic_room_9

Skill      XL: |  1  2  3  4 |
---------------+-------------+-----
Dodging        | 3 4 5 |  5.4
Ranged Weapons | 5 |  5.0
Fighting       | 2 |  2.4
Stealth        | |  1.5

Action                     |  1- 3 |  4- 6 || total
---------------------------+-------+-------++-------
   Fire: Shortbow          |   125 |    57 ||   182
    Use: Scroll            |     6 |     6 ||    12
         Potion            |       |     3 ||     3
 Armour: Robe              |    16 |    12 ||    28
  Dodge: Dodged            |    45 |    23 ||    68

Table legend:
 A = Non-vault XP
 B = Vault XP
 C = Vault XP percentage of total XP
 D = Non-vault monster count
 E = Vault monster count
 F = Vault count percentage of total count
                 A         B        C        D         E       F
            +---------+---------+-------+---------+---------+-------
      Total |     247 |       1 |   0.4 |      64 |       1 |   1.5
            +---------+---------+-------+---------+---------+-------
        D:1 |      29 |       0 |   0.0 |      19 |       0 |   0.0
        D:2 |      39 |       0 |   0.0 |      15 |       0 |   0.0
        D:3 |      37 |       1 |   2.6 |      18 |       1 |   5.3
        D:4 |      26 |       0 |   0.0 |       7 |       0 |   0.0
        D:5 |       2 |       0 |   0.0 |       1 |       0 |   0.0
        D:7 |     114 |       0 |   0.0 |       4 |       0 |   0.0
            +---------+---------+-------+---------+---------+-------
